Map: Dragon Scales LE

Players

newbie - Winner!

  • Race: Terran Terran
  • League: Diamond
  • Spawn Location: 11:00

VOD

Have the link to the VOD?

Description

Time

  • Played on: June 20, 2023, 4:53 p.m.
  • Length: 9:14
Show
View Real Time Build Order
Export as new Build Order

newbie Terran - Winner!

Build Orders: Reaper Expand, Hellion Banshee 

Get SALT Encoding   

  12  0:02  SCV  
  12  0:14  SCV  
  12  0:17  Supply Depot  
  12  0:26  SCV  
  12  0:39  SCV  
  12  0:40  Barracks  
  12  0:44  Refinery  
  12  0:51  SCV  
  12  1:03  SCV  
  12  1:15  SCV  
  12  1:28  Orbital Command, Reaper  
  12  1:40  Command Center  
  12  1:48  Supply Depot  
  12  1:54  SCV  
  12  2:00  Marine  
  12  2:05  Factory  
  12  2:07  SCV  
  12  2:19  SCV  
  12  2:22  Barracks Reactor  
  12  2:31  SCV  
  12  2:38  Command Center  
  12  2:46  SCV  
  12  2:53  Orbital Command  
  12  2:58  SCV  
  12  3:02  Hellion x2  
  12  3:09  Starport  
  12  3:11  SCV  
  12  3:16  Barracks Tech Lab, Refinery  
  12  3:25  Hellion x2  
  12  3:30  SCV x2  
  12  3:43  SCV x2  
  12  3:46  Hellion  
  12  3:47  Hellion  
  12  3:52  Orbital Command  
  12  3:54  Barracks Tech Lab  
  12  3:55  Banshee  
  12  3:58  SCV x2  
  12  4:10  Barracks  
  12  4:12  Barracks  
  12  4:14  SCV x2  
  12  4:21  Supply Depot, Factory Reactor  
  12  4:22  Stimpack  
  12  4:25  SCV  
  12  4:26  SCV x2  
  12  4:28  Marine  
  12  4:37  Supply Depot, SCV  
  12  4:38  SCV x2  
  12  4:47  Engineering Bay  
  12  4:49  Starport Reactor  
  12  4:52  SCV x2, Refinery, Orbital Command, Engineering Bay  
  12  4:53  Refinery  
  12  5:02  Marine x2  
  12  5:03  Marine  
  12  5:04  SCV x2  
  12  5:15  Marine x2  
  12  5:16  SCV x2  
  12  5:18  Terran Infantry Armor Level 1, Terran Infantry Weapons Level 1  
  12  5:21  Barracks  
  12  5:23  Marine, Barracks  
  12  5:24  Marine  
  12  5:28  Supply Depot  
  12  5:30  SCV x3  
  12  5:35  Supply Depot  
  12  5:37  Marine x2  
  12  5:41  Marine  
  12  5:49  Siege Tank, Medivac x2  
  12  5:50  SCV  
  12  5:55  Supply Depot  
  12  5:56  SCV x2  
  12  5:59  Supply Depot  
  12  6:00  Marine x3  
  12  6:01  Marine  
  12  6:02  Combat Shield  
  12  6:03  SCV  
  12  6:08  Barracks Reactor  
  12  6:09  Supply Depot, Barracks Reactor, SCV  
  12  6:16  SCV x2, Marine  
  12  6:20  Supply Depot  
  12  6:22  Supply Depot  
  12  6:23  Siege Tank  
  12  6:24  Marine x4  
  12  6:26  SCV  
  12  6:31  Armory  
  12  6:32  SCV x2  
  12  6:37  Marine  
  12  6:39  Medivac x2  
  12  6:43  SCV  
  12  6:44  SCV x2  
  12  6:45  Marine x5  
  12  6:46  Marine  
  12  6:47  Marine  
  12  6:52  Supply Depot  
  12  6:53  Supply Depot  
  12  6:58  Marine, Sensor Tower  
  12  6:59  Marine  
  12  7:08  Command Center  
  12  7:11  Marine  
  12  7:12  Marine x5  
  12  7:16  SCV  
  12  7:17  SCV x2  
  12  7:34  Marine  
  12  7:35  Marine x8  
  12  7:36  Siege Tank, SCV x3  
  12  7:38  Refinery  
  12  7:39  Refinery  
  12  7:40  Factory  
  12  7:48  SCV x2  
  12  7:52  Supply Depot  
  12  7:53  Supply Depot  
  12  7:56  Supply Depot  
  12  8:10  Barracks  
  12  8:11  Barracks x2  
  12  8:14  SCV, Marine x7  
  12  8:15  SCV  
  12  8:17  SCV  
  12  8:20  Siege Tank  
  12  8:26  SCV, Factory Tech Lab  
  12  8:27  SCV  
  12  8:29  SCV, Marine x2  
  12  8:33  Supply Depot x2  
  12  8:34  Marine x4  
  12  8:35  Marine x3  
  12  8:42  SCV, Sensor Tower  
  12  8:43  SCV x2  
  12  8:46  Marine  
  12  8:47  Marine  
  12  8:50  Ghost Academy  
  12  8:51  Refinery  
  12  8:52  Marine  
  12  8:53  Refinery  
  12  8:54  SCV  
  12  8:55  SCV x2  
  12  9:00  Barracks Tech Lab x3  
  12  9:13  Command Center  
Tags
 
Add a new tag
Caveats
  • Supply blocks, unpowered buildings, or Contaminate may cause inaccurate times.
  • Supply counts are checked every 10 seconds.